Map: Overgrowth LE (Void)

Players

ShoWTimE - Winner!

  • Race: Protoss Protoss
  • Spawn Location: 7:00

SpeCial

  • Race: Terran Terran
  • League: Grandmaster
  • Spawn Location: 1:00

Event: NationWars IV

VOD

https://youtu.be/9au9sPi-_vo

Description

Time

  • Played on: Jan. 7, 2017, 4:23 p.m.
  • Length: 13:42

All games in this series

Show
View Real Time Build Order
Export as new Build Order

ShoWTimE Protoss - Winner!

Build Orders: 1 Gate Expand, Blink Stalkers, Colossus Rush 

Get SALT Encoding   

  12  0:00  Probe (Chrono Boost)  
  13  0:11  Probe (Chrono Boost)  
  14  0:18  Pylon  
  14  0:22  Probe (Chrono Boost)  
  15  0:36  Probe (Chrono Boost), Gateway  
  16  0:43  Assimilator  
  16  0:46  Probe (Chrono Boost)  
  18  0:57  Probe (Chrono Boost)  
  18  1:07  Probe (Chrono Boost)  
  19  1:19  Nexus  
  19  1:23  Probe (Chrono Boost)  
  20  1:31  Cybernetics Core  
  20  1:33  Probe (Chrono Boost)  
  20  1:38  Assimilator  
  21  1:44  Probe (Chrono Boost)  
  22  1:49  Pylon  
  22  1:55  Probe (Chrono Boost)  
  23  2:08  Mothership Core (Chrono Boost)  
  25  2:09  Adept  
  27  2:19  Warp Gate  
  27  2:26  Probe (Chrono Boost)  
  28  2:32  Probe (Chrono Boost)  
  28  2:37  Probe (Chrono Boost)  
  30  2:39  Robotics Facility  
  30  2:42  Probe (Chrono Boost)  
  30  2:43  Adept  
  33  2:47  Probe (Chrono Boost)  
  34  2:53  Probe (Chrono Boost)  
  34  2:58  Probe (Chrono Boost)  
  36  3:01  Twilight Council  
  36  3:03  Probe (Chrono Boost)  
  37  3:08  Probe (Chrono Boost)  
  37  3:12  Gateway  
  38  3:14  Probe (Chrono Boost)  
  38  3:18  Gateway  
  39  3:20  Probe (Chrono Boost)  
  39  3:24  Observer  
  39  3:26  Blink, Probe (Chrono Boost), Pylon  
  43  3:34  Assimilator  
  43  3:35  Probe (Chrono Boost)  
  43  3:40  Probe (Chrono Boost)  
  44  3:45  Assimilator  
  44  3:47  Probe (Chrono Boost)  
  45  3:52  Probe (Chrono Boost)  
  45  3:54  Pylon  
  46  3:57  Observer  
  46  3:59  Probe (Chrono Boost)  
  49  4:04  Probe (Chrono Boost)  
  49  4:07  Pylon  
  49  4:11  Probe (Chrono Boost)  
  49  4:14  Warp Prism  
  49  4:16  Probe (Chrono Boost)  
  51  4:21  Stalker x2  
  51  4:23  Probe (Chrono Boost)  
  58  4:26  Stalker  
  58  4:28  Probe (Chrono Boost)  
  61  4:35  Pylon  
  61  4:36  Probe (Chrono Boost)  
  62  4:39  Robotics Bay  
  63  4:46  Probe (Chrono Boost)  
  63  4:48  Probe (Chrono Boost), Observer  
  64  5:00  Stalker x2  
  64  5:07  Observer  
  68  5:08  Pylon  
  69  5:16  Gateway  
  69  5:17  Gateway  
  69  5:18  Stalker  
  69  5:19  Gateway  
  69  5:20  Colossus  
  71  5:24  Pylon  
  77  5:34  Probe x2 (Chrono Boost)  
  75  5:49  Probe (Chrono Boost)  
  76  5:53  Extended Thermal Lance  
  76  5:56  Probe (Chrono Boost)  
  77  6:00  Nexus  
  77  6:03  Pylon  
  77  6:04  Adept x2, Sentry  
  79  6:11  Colossus  
  83  6:16  Pylon  
  91  6:25  Probe x2 (Chrono Boost)  
  91  6:29  Adept x2  
  95  6:32  Pylon  
  95  6:39  Adept x2  
  99  6:44  Pylon  
  99  6:50  Adept x3  
  105  6:59  Probe x2 (Chrono Boost)  
  107  7:05  Colossus  
  107  7:06  Adept x3  
  119  7:17  Probe x2 (Chrono Boost)  
  119  7:18  Probe (Chrono Boost)  
  117  7:27  Adept x3  
  121  7:32  Pylon  
  121  7:34  Pylon  
  121  7:40  Pylon  
  121  7:41  Adept x2  
  125  7:44  Resonating Glaives  
  125  7:49  Forge  
  125  7:50  Forge  
  125  7:53  Probe x2 (Chrono Boost)  
  125  7:54  Probe (Chrono Boost)  
  128  7:59  Stalker  
  128  8:00  Stalker  
  128  8:01  Disruptor  
  135  8:09  Protoss Ground Armor Level 1  
  135  8:12  Protoss Ground Weapons Level 1  
  134  8:13  Adept  
  134  8:14  Adept x2  
  134  8:18  Assimilator  
  142  8:21  Probe x2 (Chrono Boost)  
  142  8:22  Probe (Chrono Boost), Assimilator  
  143  8:31  Adept x2  
  147  8:34  Pylon  
  147  8:37  Adept  
  149  8:42  Disruptor  
  149  8:48  Probe x2 (Chrono Boost)  
  154  8:55  Stalker x3  
  156  8:56  Pylon  
  156  8:59  Dark Shrine  
  157  9:15  Stalker x3  
  163  9:18  Gateway  
  163  9:19  Pylon  
  163  9:20  Gateway  
  163  9:25  Disruptor  
  163  9:28  Pylon  
  166  9:43  Stalker x3  
  166  9:44  Stalker x2  
  167  9:53  Pylon  
  167  9:55  Pylon  
  167  9:59  Stalker  
  153  10:09  Adept x4  
  153  10:10  Adept  
  127  10:27  Stalker  
  120  10:32  Stalker  
  120  10:33  Stalker x3  
  120  10:34  Protoss Ground Weapons Level 2, Protoss Ground Armor Level 2  
  129  10:35  Observer  
  129  10:43  Photon Cannon  
  129  10:45  Pylon  
  129  10:48  Dark Templar x2  
  133  10:55  Nexus, Sentry x2  
  133  10:56  Pylon  
  137  11:02  Stalker x3  
  143  11:09  Stalker  
  143  11:23  Stalker x4  
  151  11:31  Disruptor  
  154  11:36  Stalker x3  
  152  12:01  Stalker x5  
  154  12:02  Stalker x2  
  160  12:18  Stalker  
  160  12:20  Disruptor  
  165  12:23  Pylon  
  148  12:37  Adept x5  
  148  12:38  Adept x2  
  160  12:48  Dark Templar  
  142  13:07  Stalker x4  
Show
View Real Time Build Order
Export as new Build Order

SpeCial Terran 

Build Orders: Reaper Expand, MMM Bio 

Get SALT Encoding   

  12  0:00  SCV  
  13  0:12  SCV  
  14  0:17  Supply Depot  
  14  0:24  SCV  
  14  0:28  Refinery  
  15  0:39  SCV  
  16  0:44  Barracks  
  16  0:51  SCV  
  17  1:03  SCV  
  18  1:15  SCV  
  19  1:30  Orbital Command  
  19  1:31  Reaper  
  20  1:41  Command Center  
  20  1:52  Factory  
  20  1:56  SCV  
  21  2:04  Refinery  
  21  2:06  Barracks Reactor  
  21  2:09  SCV  
  22  2:15  Supply Depot  
  22  2:21  SCV  
  23  2:36  Starport  
  23  2:37  SCV  
  23  2:41  Factory Tech Lab  
  23  2:42  Marine x2  
  26  2:49  SCV  
  27  2:58  Orbital Command  
  27  3:00  Marine x2  
  27  3:01  SCV  
  30  3:09  Widow Mine  
  32  3:15  SCV  
  32  3:18  Marine x2  
  35  3:22  Raven  
  35  3:25  Supply Depot  
  35  3:27  SCV  
  38  3:28  SCV  
  39  3:34  Barracks  
  39  3:39  Factory Tech Lab  
  39  3:42  Marine x2  
  39  3:43  SCV  
  39  3:46  SCV  
  43  3:51  Supply Depot  
  43  3:55  SCV  
  44  3:58  SCV  
  44  4:00  Marine x2  
  44  4:01  Siege Tank  
  50  4:10  SCV x2  
  50  4:11  Barracks  
  51  4:17  Marine, Refinery  
  51  4:18  Marine  
  53  4:25  SCV x2  
  53  4:26  Engineering Bay  
  55  4:32  Marine, Stimpack  
  55  4:37  SCV x2  
  58  4:40  Factory Reactor  
  58  4:44  Marine  
  58  4:45  Starport Reactor  
  61  4:53  Terran Infantry Weapons Level 1, SCV  
  61  4:57  Supply Depot, SCV  
  61  4:58  Supply Depot  
  61  5:05  Marine  
  62  5:15  Refinery  
  62  5:16  Marine, SCV x2  
  62  5:17  Marauder x2  
  62  5:18  Widow Mine x2  
  73  5:26  Supply Depot  
  73  5:27  Medivac x2  
  77  5:28  SCV x2  
  77  5:32  Marine  
  77  5:34  Marine  
  81  5:41  SCV x2  
  83  5:48  Missile Turret  
  83  5:50  Marauder x2, Marine  
  83  5:52  Marine  
  89  5:57  SCV x2  
  89  5:58  Medivac  
  89  6:00  Medivac  
  91  6:12  SCV x2  
  91  6:14  Widow Mine  
  94  6:22  Command Center  
  94  6:27  Marine  
  94  6:31  Combat Shields  
  93  6:36  SCV  
  93  6:37  SCV  
  93  6:41  Marauder x2, Widow Mine  
  93  6:42  Supply Depot  
  93  6:43  Supply Depot  
  93  6:45  Marine  
  93  6:46  Marine, Liberator  
  101  6:55  Supply Depot  
  101  6:56  SCV  
  102  7:02  Marine, SCV  
  102  7:03  Marine x3  
  102  7:07  Barracks x2, Supply Depot  
  108  7:13  Terran Infantry Armor Level 1  
  108  7:15  SCV  
  108  7:16  Supply Depot, SCV  
  108  7:21  Marine x2  
  112  7:23  Marauder x2  
  120  7:31  Liberator x2  
  120  7:32  SCV x2  
  122  7:43  Marine x2  
  124  7:51  SCV x2  
  124  7:53  Starport  
  125  8:01  Marine x2  
  125  8:02  Marine, Barracks Tech Lab  
  125  8:03  Barracks Reactor  
  128  8:08  SCV x2  
  130  8:18  Factory Reactor  
  130  8:20  SCV  
  130  8:21  Marine x2  
  130  8:22  Liberator x4  
  130  8:24  Marauder x2  
  130  8:26  Marauder  
  139  8:31  Orbital Command  
  151  8:41  Supply Depot  
  151  8:46  Armory  
  151  8:48  Refinery  
  151  8:49  Refinery  
  151  8:53  SCV x2  
  151  8:54  Engineering Bay  
  153  8:57  SCV  
  153  9:02  Missile Turret  
  154  9:04  Marauder x2  
  154  9:05  SCV x2  
  154  9:06  Marauder  
  154  9:09  SCV  
  161  9:11  Marine x3  
  161  9:12  Marine  
  161  9:13  Supply Depot  
  165  9:18  Liberator x2  
  165  9:22  SCV  
  165  9:35  SCV x2  
  173  9:40  Supply Depot  
  173  9:44  Marine  
  173  9:45  Liberator x2  
  173  9:47  Terran Infantry Weapons Level 2  
  173  9:48  Supply Depot  
  173  9:49  Supply Depot  
  173  10:01  Marine  
  173  10:02  Marauder, SCV x2  
  155  10:07  Liberator x2  
  155  10:11  Marauder, Marine x2  
  151  10:18  Marauder, Marine  
  130  10:28  Widow Mine, Liberator  
  126  10:29  SCV  
  126  10:30  SCV, Liberator  
  129  10:36  Marine x4  
  129  10:37  Marauder x2  
  129  10:40  Marauder, Command Center  
  129  10:41  Barracks  
  137  10:44  Barracks  
  140  10:50  Terran Ship Weapons Level 1  
  140  10:52  Terran Infantry Armor Level 2  
  140  10:54  Liberator x2  
  140  10:59  Marauder, Marine x2  
  144  11:06  Widow Mine  
  149  11:14  Liberator  
  149  11:16  Liberator  
  149  11:18  Missile Turret  
  150  11:19  Marine x2  
  150  11:20  Marauder x2  
  150  11:22  Marine  
  157  11:28  Barracks Tech Lab  
  157  11:30  Barracks Reactor  
  160  11:33  Missile Turret  
  160  11:35  Marauder, Marine  
  160  11:36  Supply Depot  
  160  11:37  Marine  
  165  11:48  Marauder, Marine  
  165  11:53  Marine x2  
  165  11:54  Marauder  
  169  11:56  Marine  
  169  11:57  Marauder, Marine  
  173  12:07  Liberator x2  
  170  12:16  Marauder, Marine  
  169  12:33  Marauder, Marine x3  
  169  12:34  Marauder  
  142  12:37  Marauder, Marine  
  142  12:41  Marauder  
  143  12:50  Marine  
  139  12:51  Marine x2  
  139  12:54  Marauder  
  139  12:55  Marauder, Marine  
  124  12:59  Marauder  
  124  13:02  Marine  
  87  13:08  Marine  
  87  13:09  Marine  
  87  13:16  Marauder  
Tags
 
Add a new tag
Caveats
  • Supply blocks, unpowered buildings, or Contaminate may cause inaccurate times.
  • Supply counts are checked every 10 seconds.